Stars vs Sabres
Created - January 29, 2018 at 19:49
Goals
|
| Stars |
1 |
2 |
1 |
4 |
| Sabres |
0 |
1 |
1 |
2 |
|
Shots
|
| Stars |
7 |
12 |
13 |
32 |
| Sabres |
12 |
13 |
10 |
35 |
|
1st period
1. Stars , Evgeny Artyukhin 6 (Jussi Jokinen 20, Shaone Morrisonn 7) at 17:28
Penalties :
John Tavares (Dal) for High sticking (Minor) at 0:22, Andrei Loktionov (Buf) for Hooking (Minor) at 8:27, Matt Cooke (Dal) for Hooking (Minor) at 14:58, Jordan Leopold (Buf) for Holding (Minor) at 18:36
2nd period
2. Sabres , Evander Kane 24 (Andrei Loktionov 25) at 1:28 (PP)
3. Stars , Ryan Getzlaf 8 (Jussi Jokinen 21, Raphael Diaz 9) at 8:49
4. Stars , Matt Cooke 10 (Michal Handzus 5) at 16:13
Penalties :
Scott Hartnell (Dal) for Hooking (Minor) at 1:27, Scott Hartnell (Dal) for Holding (Minor) at 4:36
3rd period
5. Sabres , Ilya Kovalchuk 22 (Andrei Loktionov 26, Jakub Kindl 8) at 15:01
6. Stars , John Tavares 23 (Michael Frolik 30, Andrei Markov 12) at 19:15 (Empty Net)
Penalties :
Ilya Kovalchuk (Buf) for Hooking (Minor) at 5:00, Evgeny Artyukhin (Dal) for Hooking (Minor) at 8:54
Goalie Stats
Pascal Leclaire (Dal), 33 saves from 35 shots - (0.943), W, 19-15-2, 60:00 minutes
Robin Lehner (Buf), 28 saves from 31 shots - (0.903), L, 24-9-1, 59:15 minutes
Players Stats for Stars
Player Name G A P +/- PIM S H SB GA TA FO MP PP MP PK MP
------------------------------------------------------------------------------------
Andrei Markov 0 1 1 1 0 0 0 0 0 0 0/0 19:47 2:50 3:33
Brian Lee 0 0 0 1 0 1 0 0 0 2 0/0 26:12 3:07 4:24
Daniel Cleary 0 0 0 1 0 1 0 0 0 0 0/1 10:21 0:00 0:00
Dustin Penner 0 0 0 -1 0 0 1 1 1 0 0/1 13:04 0:30 3:23
Evgeny Artyukhin 1 0 1 2 2 3 2 1 0 0 0/0 15:11 2:44 1:22
John Tavares 1 0 1 1 2 5 1 0 0 0 19/31 19:42 3:05 1:08
Johnny Oduya 0 0 0 0 0 2 2 2 0 1 0/0 22:22 3:07 0:00
Jussi Jokinen 0 2 2 2 0 2 1 1 2 0 0/0 14:32 3:13 0:46
Matt Cooke 1 0 1 2 2 4 2 0 0 0 0/0 10:51 0:00 0:00
Michael Frolik 0 1 1 1 0 4 1 2 1 0 0/0 19:01 3:07 0:00
Michal Handzus 0 1 1 1 0 1 1 0 0 0 11/17 14:39 0:00 4:17
Patrick Eaves 0 0 0 -1 0 3 1 0 0 0 0/0 8:57 0:00 0:00
Raphael Diaz 0 1 1 1 0 0 1 1 0 0 0/0 17:42 0:00 3:33
Rickard Wallin 0 0 0 -1 0 3 0 1 0 0 1/4 10:38 0:00 1:41
Ryan Getzlaf 1 0 1 1 0 2 0 0 0 0 4/6 13:04 2:44 0:00
Scott Hartnell 0 0 0 1 4 0 1 1 0 0 0/1 21:58 2:28 3:17
Shaone Morrisonn 0 1 1 2 0 0 2 2 0 1 0/0 18:08 0:00 4:24
Trevor Daley 0 0 0 1 0 1 0 1 0 0 0/0 15:49 2:50 0:00
Players Stats for Sabres
Player Name G A P +/- PIM S H SB GA TA FO MP PP MP PK MP
------------------------------------------------------------------------------------
Andrei Loktionov 0 2 2 0 2 4 1 0 0 1 11/29 21:12 4:04 0:00
Brad Richardson 0 0 0 -2 0 1 0 1 0 0 0/0 7:21 0:26 0:00
Brandon Sutter 0 0 0 -2 0 0 0 0 0 0 3/8 10:55 0:26 3:34
Darcy Hordichuk 0 0 0 -2 0 3 2 0 0 0 0/0 11:11 0:32 3:23
Evander Kane 1 0 1 -1 0 6 1 0 2 0 0/1 16:18 4:04 0:47
Ilya Kovalchuk 1 0 1 0 2 9 1 1 0 0 0/0 22:36 3:21 1:08
Jakub Kindl 0 1 1 0 0 0 0 0 0 0 0/0 13:13 0:00 0:00
Jared Cowen 0 0 0 0 0 0 0 0 0 1 0/0 21:29 3:25 3:17
Jordan Leopold 0 0 0 0 2 1 1 0 0 0 0/0 13:45 0:00 0:00
Kyle Okposo 0 0 0 0 0 1 2 0 0 1 1/2 21:09 4:04 0:00
Matt Martin 0 0 0 0 0 0 3 0 0 0 0/0 10:38 0:00 1:14
Michael Kostka 0 0 0 0 0 0 0 0 0 0 0/0 21:29 3:25 3:17
Rob Scuderi 0 0 0 -3 0 1 0 4 1 1 0/0 25:18 4:32 2:40
Ryan O'Reilly 0 0 0 -1 0 1 0 1 0 0 6/11 11:56 0:00 0:00
Scottie Upshall 0 0 0 -1 0 3 1 0 0 0 1/2 11:56 0:00 0:00
Vincent Lecavalier 0 0 0 0 0 2 0 0 0 0 3/7 15:25 3:27 1:48
Zach Bogosian 0 0 0 -3 0 3 2 3 1 0 0/0 25:18 4:32 2:40
Zack Kassian 0 0 0 0 0 0 2 0 0 0 1/1 12:51 3:27 0:00
3 Stars
1 - Jussi Jokinen (Dal)
2 - Pascal Leclaire (Dal)
3 - Evgeny Artyukhin (Dal)
Power Play
Stars - 0 on 3 Attempt(s) - 0.00%
Sabres - 1 on 5 Attempt(s) - 20.00%
Penalty Kill
Stars - 4 on 5 Attempt(s) - 80.00%
- Score 0 goal in Penalty Kill
Sabres - 3 on 3 Attempt(s) - 100.00%
- Score 0 goal in Penalty Kill
Team Stat
Stars - Hits : 16 - Faceoff Wins : 35 - Blocked Shots : 13 - Penalty Minutes : 10
Sabres - Hits : 16 - Faceoff Wins : 26 - Blocked Shots : 10 - Penalty Minutes : 6
Official
Referees : Auger Stephane and Kimmerly Greg
Linesman : Mike Cvik and Thor Nelson
Game Notes
John Tavares has scored in a empty net!
Finance
Level 1 -- Attendance: 5802 (96.70%) -- Ticket Income $522,180
Level 2 -- Attendance: 4584 (91.68%) -- Ticket Income $242,952
Level 3 -- Attendance: 2000 (100.00%) -- Ticket Income $68,000
Level 4 -- Attendance: 4000 (100.00%) -- Ticket Income $108,000
Luxury Box -- Attendance: 949 (94.90%) -- Ticket Income $152,789
Game was played at the Duff Garden.
Total Attendance: 17335 (96.31%)
Total Ticket Income: $1,093,921
Other Income: $164,088
Total Income: $1,258,009
Stars
5 vs 5 Forward
Center Left Wing Right Wing Time % Phy DF OF
1 John Tavares Scott Hartnell Michael Frolik 39 0 2 3
2 Ryan Getzlaf Jussi Jokinen Evgeny Artyukhin 27 0 2 3
3 Michal Handzus Matt Cooke Daniel Cleary 20 1 2 2
4 Rickard Wallin Dustin Penner Patrick Eaves 14 1 2 2
5 vs 5 Defense
Defense Defense Time % Phy DF OF
1 Johnny Oduya Brian Lee 40 1 2 2
2 Trevor Daley Andrei Markov 30 1 2 2
3 Raphael Diaz Shaone Morrisonn 30 1 2 2
4 Johnny Oduya Brian Lee 0 1 2 2
PowerPlay Forward
Center Left Wing Right Wing Time % Phy DF OF
1 John Tavares Jussi Jokinen Michael Frolik 60 0 1 4
2 Ryan Getzlaf Scott Hartnell Evgeny Artyukhin 40 0 1 4
PowerPlay Defense
Defense Defense Time % Phy DF OF
1 Johnny Oduya Brian Lee 60 0 2 3
2 Trevor Daley Andrei Markov 40 0 2 3
Penalty Kill 4 Players Forward
Center Wing Time % Phy DF OF
1 Michal Handzus Scott Hartnell 60 1 3 1
2 Rickard Wallin Dustin Penner 40 1 3 1
Penalty Kill 4 Players Defense
Defense Defense Time % Phy DF OF
1 Brian Lee Shaone Morrisonn 60 0 3 2
2 Raphael Diaz Andrei Markov 40 0 3 2
Penalty Kill - 3 Players Forward
Forward Time % Phy DF OF
1 Scott Hartnell 60 1 4 0
2 Michal Handzus 40 1 4 0
Penalty Kill - 3 Players Defense
Defense Defense Time % Phy DF OF
1 Johnny Oduya Brian Lee 60 1 4 0
2 Trevor Daley Andrei Markov 40 1 4 0
4 vs 4 Forward
Center Wing Time % Phy DF OF
1 Trevor Daley Scott Hartnell 60 1 2 2
2 Jussi Jokinen Michael Frolik 40 1 2 2
4 vs 4 Defense
Defense Defense Time % Phy DF OF
1 Johnny Oduya Brian Lee 60 1 2 2
2 Trevor Daley Andrei Markov 40 1 2 2
Last Minutes Offensive
Center Left Wing Right Wing Defense Defense
John Tavares Scott Hartnell Michael Frolik Trevor Daley Brian Lee
Last Minutes Defensive
Center Left Wing Right Wing Defense Defense
Ryan Getzlaf Scott Hartnell Daniel Cleary Johnny Oduya Shaone Morrisonn
Goaltenders
Starting : Pascal Leclaire
Backup : Miika Kiprusoff
Extra Forwards
Normal : Michal Handzus, Dustin Penner, Michael Frolik - PP : Evgeny Artyukhin, Dustin Penner - PK : Evgeny Artyukhin
Extra Defensemen
Normal : Raphael Diaz, Shaone Morrisonn, Trevor Daley - PP : Raphael Diaz - PK : Shaone Morrisonn, Trevor Daley
Penalty Shots
John Tavares, Michael Frolik, Ryan Getzlaf, Michal Handzus, Evgeny Artyukhin
Scratches
None
Sabres
5 vs 5 Forward
Center Left Wing Right Wing Time % Phy DF OF
1 Andrei Loktionov Ilya Kovalchuk Kyle Okposo 37 0 2 3
2 Ryan O'Reilly Evander Kane Scottie Upshall 32 0 2 3
3 Vincent Lecavalier Matt Martin Zack Kassian 22 1 2 2
4 Brandon Sutter Darcy Hordichuk Brad Richardson 9 0 3 2
5 vs 5 Defense
Defense Defense Time % Phy DF OF
1 Zach Bogosian Rob Scuderi 44 0 2 3
2 Michael Kostka Jared Cowen 36 1 3 1
3 Jakub Kindl Jordan Leopold 20 0 4 1
4 Michael Kostka Jared Cowen 0 0 3 2
PowerPlay Forward
Center Left Wing Right Wing Time % Phy DF OF
1 Andrei Loktionov Evander Kane Kyle Okposo 58 1 0 4
2 Vincent Lecavalier Ilya Kovalchuk Zack Kassian 42 1 0 4
PowerPlay Defense
Defense Defense Time % Phy DF OF
1 Zach Bogosian Rob Scuderi 58 0 2 3
2 Michael Kostka Jared Cowen 42 1 1 3
Penalty Kill 4 Players Forward
Center Wing Time % Phy DF OF
1 Brandon Sutter Darcy Hordichuk 60 0 5 0
2 Vincent Lecavalier Ilya Kovalchuk 40 0 4 1
Penalty Kill 4 Players Defense
Defense Defense Time % Phy DF OF
1 Michael Kostka Jared Cowen 60 0 5 0
2 Zach Bogosian Rob Scuderi 40 0 4 1
Penalty Kill - 3 Players Forward
Forward Time % Phy DF OF
1 Brandon Sutter 60 0 5 0
2 Darcy Hordichuk 40 0 5 0
Penalty Kill - 3 Players Defense
Defense Defense Time % Phy DF OF
1 Michael Kostka Jared Cowen 60 0 5 0
2 Zach Bogosian Rob Scuderi 40 0 5 0
4 vs 4 Forward
Center Wing Time % Phy DF OF
1 Ryan O'Reilly Ilya Kovalchuk 60 1 2 2
2 Vincent Lecavalier Zack Kassian 40 1 2 2
4 vs 4 Defense
Defense Defense Time % Phy DF OF
1 Zach Bogosian Rob Scuderi 60 1 2 2
2 Michael Kostka Jared Cowen 40 1 2 2
Last Minutes Offensive
Center Left Wing Right Wing Defense Defense
Vincent Lecavalier Ilya Kovalchuk Kyle Okposo Zach Bogosian Michael Kostka
Last Minutes Defensive
Center Left Wing Right Wing Defense Defense
Brandon Sutter Ilya Kovalchuk Zack Kassian Zach Bogosian Jared Cowen
Goaltenders
Starting : Robin Lehner
Backup : Jonas Hiller
Extra Forwards
Normal : Ilya Kovalchuk, Kyle Okposo, Vincent Lecavalier - PP : Kyle Okposo, Vincent Lecavalier - PK : Matt Martin
Extra Defensemen
Normal : Jakub Kindl, Jordan Leopold, Michael Kostka - PP : Jakub Kindl - PK : Jordan Leopold, Michael Kostka
Penalty Shots
Ilya Kovalchuk, Vincent Lecavalier, Evander Kane, Darcy Hordichuk, Kyle Okposo
Scratches
Michael Haley (Healthy)
% Time on Ice - Stars
Lines # - Real PCT - Wanted PCT - Time Play
Normal Forward
1 - 36% - 39% - 16:28
2 - 22% - 27% - 10:20
3 - 22% - 20% - 10:21
4 - 19% - 14% - 8:57
Normal Defense
1 - 42% - 40% - 19:17
2 - 30% - 30% - 13:36
3 - 29% - 30% - 13:13
4 - 0% - 0% - 0:00
PP Forward
1 - 54% - 60% - 3:13
2 - 46% - 40% - 2:44
PP Defense
1 - 52% - 60% - 3:07
2 - 48% - 40% - 2:50
PK Forward
1 - 79% - 60% - 6:16
2 - 21% - 40% - 1:41
PK Defense
1 - 55% - 60% - 4:24
2 - 45% - 40% - 3:33
PK3 Forward
1 - 0% - 60%
2 - 0% - 40%
PK3 Defense
1 - 0% - 60%
2 - 0% - 40%
44 Forward
1 - 0% - 60%
2 - 0% - 40%
44 Defense
1 - 0% - 60%
2 - 0% - 40%
Last Minute Offensive - 0:00
Last Minute Defensive - 0:00
Total
Forward - 60:00
Defense - 60:00
|
% Time on Ice - Sabres
Lines # - Real PCT - Wanted PCT - Time Play
Normal Forward
1 - 38% - 37% - 17:38
2 - 28% - 32% - 12:42
3 - 20% - 22% - 9:24
4 - 14% - 9% - 6:22
Normal Defense
1 - 41% - 44% - 18:44
2 - 31% - 36% - 14:09
3 - 29% - 20% - 13:13
4 - 0% - 0% - 0:00
PP Forward
1 - 57% - 58% - 4:30
2 - 43% - 42% - 3:27
PP Defense
1 - 57% - 58% - 4:32
2 - 43% - 42% - 3:25
PK Forward
1 - 70% - 60% - 4:09
2 - 30% - 40% - 1:48
PK Defense
1 - 55% - 60% - 3:17
2 - 45% - 40% - 2:40
PK3 Forward
1 - 0% - 60%
2 - 0% - 40%
PK3 Defense
1 - 0% - 60%
2 - 0% - 40%
44 Forward
1 - 0% - 60%
2 - 0% - 40%
44 Defense
1 - 0% - 60%
2 - 0% - 40%
Last Minute Offensive - 0:00
Last Minute Defensive - 0:00
Total
Forward - 60:00
Defense - 60:00
|
Play by Play
1st period
0:01 of 1st period - John Tavares wins face-off versus Andrei Loktionov in neutral zone.
0:09 of 1st period - John Tavares is hit by Andrei Loktionov and loses puck.
0:14 of 1st period - Snap shot by Ilya Kovalchuk.
0:14 of 1st period - Shot Misses the Net.
0:22 of 1st period - Minor Penalty to John Tavares for High sticking.
0:23 of 1st period - Michal Handzus wins face-off versus Kyle Okposo in Stars zone.
2:22 of 1st period - Penalty to John Tavares is over, John Tavares is back on ice.
4:02 of 1st period - Snap shot by Patrick Eaves.
4:02 of 1st period - Shot Misses the Net.
4:14 of 1st period - Zack Kassian is hit by Johnny Oduya and loses puck.
4:29 of 1st period - Snap shot by Ilya Kovalchuk.
4:29 of 1st period - Shot Misses the Net.
4:41 of 1st period - Michal Handzus is hit by Jordan Leopold and loses puck.
5:32 of 1st period - Snap shot by Daniel Cleary.
5:32 of 1st period - Shot Blocked by Rob Scuderi.
5:38 of 1st period - Trevor Daley is hit by Zack Kassian and loses puck.
6:28 of 1st period - Slapshot by Evander Kane.
6:28 of 1st period - Stopped by Pascal Leclaire with a rebound.
6:30 of 1st period - Backhand shot by Scottie Upshall.
6:30 of 1st period - Stopped by Pascal Leclaire with a rebound.
6:32 of 1st period - Slapshot by Rob Scuderi.
6:32 of 1st period - Shot Blocked by Shaone Morrisonn.
6:34 of 1st period - Slapshot by Zach Bogosian.
6:34 of 1st period - Stopped by Pascal Leclaire without a rebound.
6:35 of 1st period - Michal Handzus wins face-off versus Andrei Loktionov in Stars zone.
6:46 of 1st period - Snap shot by Matt Cooke.
6:46 of 1st period - Stopped by Robin Lehner without a rebound.
6:47 of 1st period - John Tavares wins face-off versus Andrei Loktionov in Sabres zone.
8:27 of 1st period - Minor Penalty to Andrei Loktionov for Hooking.
8:28 of 1st period - John Tavares wins face-off versus Brandon Sutter in Sabres zone.
10:27 of 1st period - Penalty to Andrei Loktionov is over, Andrei Loktionov is back on ice.
10:44 of 1st period - Scottie Upshall is hit by Michal Handzus and loses puck.
10:55 of 1st period - Raphael Diaz is hit by Kyle Okposo and loses puck.
11:00 of 1st period - Snap shot by Ilya Kovalchuk.
11:00 of 1st period - Stopped by Pascal Leclaire with a rebound.
11:02 of 1st period - Slapshot by Rob Scuderi.
11:02 of 1st period - Deflect By Ilya Kovalchuk.
11:02 of 1st period - Stopped by Pascal Leclaire with a rebound.
11:40 of 1st period - Wrist shot by Evander Kane.
11:40 of 1st period - Shot Misses the Net.
11:54 of 1st period - Snap shot by Patrick Eaves.
11:54 of 1st period - Stopped by Robin Lehner with a rebound.
11:59 of 1st period - Icing by Ilya Kovalchuk.
12:00 of 1st period - Andrei Loktionov wins face-off versus John Tavares in Sabres zone.
12:00 of 1st period - Andrei Loktionov is hit by Scott Hartnell.
12:54 of 1st period - Slapshot by Ilya Kovalchuk.
12:54 of 1st period - Stopped by Pascal Leclaire with a rebound.
12:58 of 1st period - Snap shot by Kyle Okposo.
12:58 of 1st period - Stopped by Pascal Leclaire with a rebound.
13:10 of 1st period - Wrist shot by Andrei Loktionov.
13:10 of 1st period - Stopped by Pascal Leclaire without a rebound.
13:11 of 1st period - Ryan O'Reilly wins face-off versus John Tavares in Stars zone.
13:22 of 1st period - Slapshot by John Tavares.
13:22 of 1st period - Shot Misses the Net.
13:24 of 1st period - Snap shot by John Tavares.
13:24 of 1st period - Stopped by Robin Lehner without a rebound.
13:25 of 1st period - John Tavares wins face-off versus Ryan O'Reilly in Sabres zone.
13:26 of 1st period - Snap shot by Michael Frolik.
13:26 of 1st period - Shot Hit the Post.
13:32 of 1st period - Wrist shot by Ryan O'Reilly.
13:32 of 1st period - Stopped by Pascal Leclaire without a rebound.
13:33 of 1st period - Ryan O'Reilly wins face-off versus John Tavares in Stars zone.
14:12 of 1st period - Wrist shot by Evander Kane.
14:12 of 1st period - Stopped by Pascal Leclaire without a rebound.
14:13 of 1st period - Ryan Getzlaf wins face-off versus Vincent Lecavalier in Stars zone.
14:13 of 1st period - Ryan Getzlaf is hit by Matt Martin.
14:58 of 1st period - Minor Penalty to Matt Cooke for Hooking.
14:59 of 1st period - Michal Handzus wins face-off versus Andrei Loktionov in Stars zone.
15:12 of 1st period - Wrist shot by Andrei Loktionov.
15:12 of 1st period - Stopped by Pascal Leclaire without a rebound.
15:13 of 1st period - Michal Handzus wins face-off versus Andrei Loktionov in Stars zone.
15:28 of 1st period - Slapshot by Evander Kane.
15:28 of 1st period - Shot Blocked by Scott Hartnell.
15:30 of 1st period - Slapshot by Rob Scuderi.
15:30 of 1st period - Shot Misses the Net.
15:40 of 1st period - Brian Lee is hit by Zach Bogosian and loses puck.
16:20 of 1st period - Evander Kane is hit by Evgeny Artyukhin.
16:24 of 1st period - Raphael Diaz is hit by Evander Kane and loses puck.
16:41 of 1st period - Ilya Kovalchuk is hit by Raphael Diaz and loses puck.
16:58 of 1st period - Penalty to Matt Cooke is over, Matt Cooke is back on ice.
17:02 of 1st period - Slapshot by Jussi Jokinen.
17:02 of 1st period - Shot Blocked by Rob Scuderi.
17:04 of 1st period - Slapshot by Shaone Morrisonn.
17:04 of 1st period - Shot Blocked by Zach Bogosian.
17:06 of 1st period - Wrist shot by Evgeny Artyukhin.
17:06 of 1st period - Stopped by Robin Lehner with a rebound.
17:12 of 1st period - Snap shot by Jussi Jokinen.
17:12 of 1st period - Shot Misses the Net.
17:14 of 1st period - Slapshot by Brian Lee.
17:14 of 1st period - Shot Misses the Net.
17:16 of 1st period - Wrist shot by Jussi Jokinen.
17:16 of 1st period - Shot Misses the Net.
17:18 of 1st period - Slapshot by Brian Lee.
17:18 of 1st period - Shot Hit the Post.
17:20 of 1st period - Snap shot by Matt Cooke.
17:20 of 1st period - Stopped by Robin Lehner with a rebound.
17:22 of 1st period - Slapshot by Shaone Morrisonn.
17:22 of 1st period - Shot Blocked by Zach Bogosian.
17:24 of 1st period - Snap shot by Evgeny Artyukhin.
17:24 of 1st period - Shot Blocked by Brad Richardson.
17:28 of 1st period - Snap shot by Evgeny Artyukhin.
17:28 of 1st period - Goal by Evgeny Artyukhin - Stars : 1 - Sabres : 0.
17:29 of 1st period - John Tavares wins face-off versus Ryan O'Reilly in neutral zone.
17:38 of 1st period - Wrist shot by John Tavares.
17:38 of 1st period - Stopped by Robin Lehner with a rebound.
17:44 of 1st period - Snap shot by Scottie Upshall.
17:44 of 1st period - Shot Blocked by Michael Frolik.
17:46 of 1st period - Wrist shot by Scottie Upshall.
17:46 of 1st period - Stopped by Pascal Leclaire with a rebound.
17:56 of 1st period - Andrei Loktionov is hit by Matt Cooke and loses puck.
18:29 of 1st period - Brian Lee is hit by Zack Kassian and loses puck.
18:36 of 1st period - Minor Penalty to Jordan Leopold for Holding.
18:37 of 1st period - John Tavares wins face-off versus Brandon Sutter in Sabres zone.
18:53 of 1st period - Off-side.
18:54 of 1st period - John Tavares wins face-off versus Brandon Sutter in neutral zone.
Goals for this period are 1 for Stars vs 0 for Sabres.
Shots for this period are 7 for Stars vs 12 for Sabres.
2nd period
0:01 of 2nd period - John Tavares wins face-off versus Brandon Sutter in neutral zone.
0:36 of 2nd period - Penalty to Jordan Leopold is over, Jordan Leopold is back on ice.
0:50 of 2nd period - Slapshot by Vincent Lecavalier.
0:50 of 2nd period - Shot Blocked by Trevor Daley.
0:52 of 2nd period - Snap shot by Michael Kostka.
0:52 of 2nd period - Shot Blocked by Evgeny Artyukhin.
1:08 of 2nd period - Snap shot by Vincent Lecavalier.
1:08 of 2nd period - Stopped by Pascal Leclaire without a rebound.
1:09 of 2nd period - Scottie Upshall wins face-off versus Daniel Cleary in Stars zone.
1:14 of 2nd period - Wrist shot by Evander Kane.
1:14 of 2nd period - Stopped by Pascal Leclaire without a rebound.
1:15 of 2nd period - Ryan O'Reilly wins face-off versus Michal Handzus in Stars zone.
1:20 of 2nd period - Wrist shot by Ryan O'Reilly.
1:20 of 2nd period - Shot Misses the Net.
1:24 of 2nd period - Snap shot by Evander Kane.
1:24 of 2nd period - Stopped by Pascal Leclaire without a rebound.
1:25 of 2nd period - John Tavares wins face-off versus Andrei Loktionov in Stars zone.
1:27 of 2nd period - Minor Penalty to Scott Hartnell for Hooking.
1:28 of 2nd period - Andrei Loktionov wins face-off versus Michal Handzus in Stars zone.
1:28 of 2nd period - Slapshot by Evander Kane.
1:28 of 2nd period - Goal by Evander Kane - Stars : 1 - Sabres : 1.
1:29 of 2nd period - John Tavares wins face-off versus Andrei Loktionov in neutral zone.
1:58 of 2nd period - Wrist shot by Scottie Upshall.
1:58 of 2nd period - Stopped by Pascal Leclaire without a rebound.
1:59 of 2nd period - Ryan Getzlaf wins face-off versus Ryan O'Reilly in Stars zone.
2:24 of 2nd period - Michael Kostka is hit by Matt Cooke and loses puck.
2:47 of 2nd period - Slapshot by Zach Bogosian.
2:47 of 2nd period - Stopped by Pascal Leclaire without a rebound.
2:48 of 2nd period - John Tavares wins face-off versus Andrei Loktionov in Stars zone.
3:15 of 2nd period - Ryan Getzlaf is hit by Matt Martin and loses puck.
3:42 of 2nd period - Dustin Penner is hit by Darcy Hordichuk and loses puck.
4:04 of 2nd period - Icing by Matt Cooke.
4:05 of 2nd period - Michal Handzus wins face-off versus Scottie Upshall in Stars zone.
4:18 of 2nd period - Snap shot by Michael Frolik.
4:18 of 2nd period - Stopped by Robin Lehner without a rebound.
4:19 of 2nd period - John Tavares wins face-off versus Andrei Loktionov in Sabres zone.
4:34 of 2nd period - Wrist shot by Ilya Kovalchuk.
4:34 of 2nd period - Stopped by Pascal Leclaire with a rebound.
4:36 of 2nd period - Minor Penalty to Scott Hartnell for Holding.
4:37 of 2nd period - Andrei Loktionov wins face-off versus Michal Handzus in Stars zone.
5:03 of 2nd period - Andrei Loktionov is hit by Shaone Morrisonn and loses puck.
6:36 of 2nd period - Penalty to Scott Hartnell is over, Scott Hartnell is back on ice.
7:36 of 2nd period - Ryan O'Reilly is hit by Johnny Oduya and loses puck.
7:43 of 2nd period - Snap shot by Rickard Wallin.
7:43 of 2nd period - Stopped by Robin Lehner without a rebound.
7:44 of 2nd period - Andrei Loktionov wins face-off versus Ryan Getzlaf in Sabres zone.
8:16 of 2nd period - Vincent Lecavalier is hit by Michael Frolik and loses puck.
8:49 of 2nd period - Snap shot by Ryan Getzlaf.
8:49 of 2nd period - Goal by Ryan Getzlaf - Stars : 2 - Sabres : 1.
8:50 of 2nd period - Andrei Loktionov wins face-off versus Scott Hartnell in neutral zone.
9:00 of 2nd period - Icing by John Tavares.
9:01 of 2nd period - John Tavares wins face-off versus Andrei Loktionov in Stars zone.
9:52 of 2nd period - Wrist shot by Daniel Cleary.
9:52 of 2nd period - Stopped by Robin Lehner without a rebound.
9:53 of 2nd period - Michal Handzus wins face-off versus Andrei Loktionov in Sabres zone.
9:58 of 2nd period - Wrist shot by Michal Handzus.
9:58 of 2nd period - Shot Misses the Net.
10:00 of 2nd period - Slapshot by Trevor Daley.
10:00 of 2nd period - Deflect By Kyle Okposo.
10:00 of 2nd period - Stopped by Robin Lehner with a rebound.
10:02 of 2nd period - Snap shot by Michal Handzus.
10:02 of 2nd period - Stopped by Robin Lehner with a rebound.
10:04 of 2nd period - Snap shot by Matt Cooke.
10:04 of 2nd period - Stopped by Robin Lehner without a rebound.
10:05 of 2nd period - Andrei Loktionov wins face-off versus John Tavares in Sabres zone.
10:42 of 2nd period - Wrist shot by Jussi Jokinen.
10:42 of 2nd period - Stopped by Robin Lehner without a rebound.
10:43 of 2nd period - Rickard Wallin wins face-off versus Andrei Loktionov in Sabres zone.
10:57 of 2nd period - Wrist shot by Rickard Wallin.
10:57 of 2nd period - Stopped by Robin Lehner without a rebound.
10:58 of 2nd period - John Tavares wins face-off versus Ryan O'Reilly in Sabres zone.
11:25 of 2nd period - Zach Bogosian is hit by Evgeny Artyukhin and loses puck.
11:46 of 2nd period - Slapshot by Brandon Sutter.
11:46 of 2nd period - Shot Blocked by Johnny Oduya.
11:48 of 2nd period - Slapshot by Michael Kostka.
11:48 of 2nd period - Shot Blocked by Johnny Oduya.
11:50 of 2nd period - Slapshot by Darcy Hordichuk.
11:50 of 2nd period - Stopped by Pascal Leclaire without a rebound.
11:51 of 2nd period - Brandon Sutter wins face-off versus John Tavares in Stars zone.
11:52 of 2nd period - Snap shot by Darcy Hordichuk.
11:52 of 2nd period - Stopped by Pascal Leclaire without a rebound.
11:53 of 2nd period - Brandon Sutter wins face-off versus John Tavares in Stars zone.
12:28 of 2nd period - Wrist shot by Zach Bogosian.
12:28 of 2nd period - Shot Misses the Net.
12:30 of 2nd period - Slapshot by Zach Bogosian.
12:30 of 2nd period - Stopped by Pascal Leclaire with a rebound.
12:32 of 2nd period - Snap shot by Darcy Hordichuk.
12:32 of 2nd period - Stopped by Pascal Leclaire with a rebound.
13:06 of 2nd period - Wrist shot by Darcy Hordichuk.
13:06 of 2nd period - Shot Blocked by Raphael Diaz.
13:08 of 2nd period - Slapshot by Brad Richardson.
13:08 of 2nd period - Stopped by Pascal Leclaire without a rebound.
13:09 of 2nd period - Ryan Getzlaf wins face-off versus Andrei Loktionov in Stars zone.
13:09 of 2nd period - Ryan Getzlaf is hit by Kyle Okposo.
14:25 of 2nd period - Wrist shot by Rickard Wallin.
14:25 of 2nd period - Stopped by Robin Lehner without a rebound.
14:26 of 2nd period - Ryan Getzlaf wins face-off versus Ryan O'Reilly in Sabres zone.
14:50 of 2nd period - Icing by Ryan O'Reilly.
14:51 of 2nd period - Ryan O'Reilly wins face-off versus Dustin Penner in Sabres zone.
15:57 of 2nd period - Icing by Trevor Daley.
15:58 of 2nd period - Michal Handzus wins face-off versus Brandon Sutter in Stars zone.
16:13 of 2nd period - Slapshot by Matt Cooke.
16:13 of 2nd period - Goal by Matt Cooke - Stars : 3 - Sabres : 1.
16:14 of 2nd period - John Tavares wins face-off versus Andrei Loktionov in neutral zone.
16:24 of 2nd period - Icing by Zach Bogosian.
16:25 of 2nd period - Andrei Loktionov wins face-off versus John Tavares in Sabres zone.
16:38 of 2nd period - Off-side.
16:39 of 2nd period - Ryan O'Reilly wins face-off versus John Tavares in neutral zone.
16:42 of 2nd period - Snap shot by Zach Bogosian.
16:42 of 2nd period - Shot Blocked by Michael Frolik.
17:09 of 2nd period - Andrei Loktionov is hit by Jussi Jokinen and loses puck.
17:40 of 2nd period - Wrist shot by Matt Martin.
17:40 of 2nd period - Shot Misses the Net.
18:39 of 2nd period - Slapshot by Trevor Daley.
18:39 of 2nd period - Deflect By Evgeny Artyukhin.
18:39 of 2nd period - Stopped by Robin Lehner with a rebound.
18:50 of 2nd period - Icing by Andrei Markov.
18:51 of 2nd period - Ryan O'Reilly wins face-off versus Rickard Wallin in Stars zone.
19:06 of 2nd period - Wrist shot by Evander Kane.
19:06 of 2nd period - Shot Misses the Net.
19:32 of 2nd period - Backhand shot by Rob Scuderi.
19:32 of 2nd period - Stopped by Pascal Leclaire with a rebound.
Goals for this period are 2 for Stars vs 1 for Sabres.
Shots for this period are 12 for Stars vs 13 for Sabres.
3rd period
0:01 of 3rd period - Andrei Loktionov wins face-off versus John Tavares in neutral zone.
0:53 of 3rd period - Off-side.
0:54 of 3rd period - Zack Kassian wins face-off versus Rickard Wallin in neutral zone.
0:57 of 3rd period - Wrist shot by Vincent Lecavalier.
0:57 of 3rd period - Shot Blocked by Rickard Wallin.
1:26 of 3rd period - Andrei Loktionov is hit by John Tavares and loses puck.
2:03 of 3rd period - Slapshot by Shaone Morrisonn.
2:03 of 3rd period - Shot Misses the Net.
2:05 of 3rd period - Slapshot by Shaone Morrisonn.
2:05 of 3rd period - Shot Misses the Net.
2:07 of 3rd period - Slapshot by Jussi Jokinen.
2:07 of 3rd period - Stopped by Robin Lehner with a rebound.
2:09 of 3rd period - Snap shot by Evgeny Artyukhin.
2:09 of 3rd period - Deflect By Jussi Jokinen.
2:09 of 3rd period - Shot Blocked by Rob Scuderi.
2:09 of 3rd period - Puck is out of play.
2:10 of 3rd period - Kyle Okposo wins face-off versus John Tavares in Sabres zone.
2:37 of 3rd period - Ryan Getzlaf is hit by Scottie Upshall and loses puck.
3:51 of 3rd period - Slapshot by Michael Frolik.
3:51 of 3rd period - Stopped by Robin Lehner without a rebound.
3:52 of 3rd period - John Tavares wins face-off versus Andrei Loktionov in Sabres zone.
3:57 of 3rd period - Slapshot by Michael Frolik.
3:57 of 3rd period - Deflect By Scott Hartnell.
3:57 of 3rd period - Shot Misses the Net.
3:57 of 3rd period - Puck is out of play.
3:58 of 3rd period - John Tavares wins face-off versus Andrei Loktionov in Sabres zone.
4:01 of 3rd period - Slapshot by John Tavares.
4:01 of 3rd period - Shot Blocked by Zach Bogosian.
4:05 of 3rd period - Wrist shot by John Tavares.
4:05 of 3rd period - Stopped by Robin Lehner with a rebound.
4:07 of 3rd period - Slapshot by Johnny Oduya.
4:07 of 3rd period - Stopped by Robin Lehner without a rebound.
4:08 of 3rd period - Andrei Loktionov wins face-off versus John Tavares in Sabres zone.
4:15 of 3rd period - Snap shot by Ilya Kovalchuk.
4:15 of 3rd period - Stopped by Pascal Leclaire with a rebound.
4:23 of 3rd period - Slapshot by Michael Frolik.
4:23 of 3rd period - Stopped by Robin Lehner with a rebound.
4:25 of 3rd period - Slapshot by Johnny Oduya.
4:25 of 3rd period - Stopped by Robin Lehner with a rebound.
4:27 of 3rd period - Slapshot by Brian Lee.
4:27 of 3rd period - Stopped by Robin Lehner with a rebound.
4:29 of 3rd period - Slapshot by John Tavares.
4:29 of 3rd period - Shot Misses the Net.
4:31 of 3rd period - Wrist shot by Scott Hartnell.
4:31 of 3rd period - Shot Misses the Net.
4:33 of 3rd period - Snap shot by John Tavares.
4:33 of 3rd period - Stopped by Robin Lehner with a rebound.
4:35 of 3rd period - Snap shot by Trevor Daley.
4:35 of 3rd period - Shot Misses the Net.
5:00 of 3rd period - Minor Penalty to Ilya Kovalchuk for Hooking.
5:01 of 3rd period - Brandon Sutter wins face-off versus Ryan Getzlaf in Sabres zone.
6:22 of 3rd period - Michael Kostka is hit by Dustin Penner and loses puck.
7:00 of 3rd period - Penalty to Ilya Kovalchuk is over, Ilya Kovalchuk is back on ice.
7:08 of 3rd period - Icing by Jared Cowen.
7:09 of 3rd period - Vincent Lecavalier wins face-off versus Michal Handzus in Sabres zone.
8:01 of 3rd period - Snap shot by Ilya Kovalchuk.
8:01 of 3rd period - Stopped by Pascal Leclaire with a rebound.
8:13 of 3rd period - Wrist shot by Ilya Kovalchuk.
8:13 of 3rd period - Stopped by Pascal Leclaire without a rebound.
8:14 of 3rd period - John Tavares wins face-off versus Evander Kane in Stars zone.
8:29 of 3rd period - Wrist shot by Scott Hartnell.
8:29 of 3rd period - Shot Blocked by Ryan O'Reilly.
8:31 of 3rd period - Snap shot by Michael Frolik.
8:31 of 3rd period - Stopped by Robin Lehner with a rebound.
8:47 of 3rd period - Wrist shot by Matt Martin.
8:47 of 3rd period - Shot Blocked by Jussi Jokinen.
8:54 of 3rd period - Minor Penalty to Evgeny Artyukhin for Hooking.
8:55 of 3rd period - Michal Handzus wins face-off versus Vincent Lecavalier in Stars zone.
10:54 of 3rd period - Penalty to Evgeny Artyukhin is over, Evgeny Artyukhin is back on ice.
11:21 of 3rd period - Wrist shot by Patrick Eaves.
11:21 of 3rd period - Stopped by Robin Lehner with a rebound.
12:24 of 3rd period - Andrei Markov is hit by Ilya Kovalchuk.
12:37 of 3rd period - Vincent Lecavalier is hit by Shaone Morrisonn and loses puck.
12:42 of 3rd period - Slapshot by Raphael Diaz.
12:42 of 3rd period - Shot Misses the Net.
12:54 of 3rd period - Jakub Kindl is hit by Patrick Eaves and loses puck.
13:09 of 3rd period - Snap shot by Evgeny Artyukhin.
13:09 of 3rd period - Shot Misses the Net.
13:11 of 3rd period - Wrist shot by Evgeny Artyukhin.
13:11 of 3rd period - Deflect By Ryan Getzlaf.
13:11 of 3rd period - Stopped by Robin Lehner with a rebound.
13:13 of 3rd period - Backhand shot by Brian Lee.
13:13 of 3rd period - Shot Hit the Post.
13:22 of 3rd period - Off-side.
13:23 of 3rd period - Michal Handzus wins face-off versus Andrei Loktionov in neutral zone.
13:55 of 3rd period - Shaone Morrisonn is hit by Darcy Hordichuk and loses puck.
14:12 of 3rd period - Evgeny Artyukhin is hit by Matt Martin and loses puck.
14:25 of 3rd period - Wrist shot by Andrei Loktionov.
14:25 of 3rd period - Stopped by Pascal Leclaire without a rebound.
14:26 of 3rd period - Andrei Loktionov wins face-off versus Rickard Wallin in Stars zone.
14:45 of 3rd period - Snap shot by Andrei Loktionov.
14:45 of 3rd period - Shot Blocked by Dustin Penner.
14:47 of 3rd period - Slapshot by Jordan Leopold.
14:47 of 3rd period - Stopped by Pascal Leclaire with a rebound.
14:49 of 3rd period - Wrist shot by Andrei Loktionov.
14:49 of 3rd period - Stopped by Pascal Leclaire with a rebound.
14:51 of 3rd period - Slapshot by Jakub Kindl.
14:51 of 3rd period - Shot Misses the Net.
15:01 of 3rd period - Snap shot by Andrei Loktionov.
15:01 of 3rd period - Deflect By Ilya Kovalchuk.
15:01 of 3rd period - Goal by Ilya Kovalchuk - Stars : 3 - Sabres : 2.
15:02 of 3rd period - Vincent Lecavalier wins face-off versus Michal Handzus in neutral zone.
15:32 of 3rd period - Slapshot by Ilya Kovalchuk.
15:32 of 3rd period - Stopped by Pascal Leclaire with a rebound.
15:58 of 3rd period - Slapshot by Evander Kane.
15:58 of 3rd period - Shot Misses the Net.
16:00 of 3rd period - Wrist shot by Evander Kane.
16:00 of 3rd period - Shot Hit the Post.
16:02 of 3rd period - Backhand shot by Ryan O'Reilly.
16:02 of 3rd period - Shot Misses the Net.
17:41 of 3rd period - Slapshot by Patrick Eaves.
17:41 of 3rd period - Stopped by Robin Lehner without a rebound.
17:42 of 3rd period - Michal Handzus wins face-off versus Andrei Loktionov in Sabres zone.
17:45 of 3rd period - Snap shot by Michal Handzus.
17:45 of 3rd period - Shot Misses the Net.
18:16 of 3rd period - Snap shot by Evander Kane.
18:16 of 3rd period - Stopped by Pascal Leclaire with a rebound.
18:18 of 3rd period - Wrist shot by Scottie Upshall.
18:18 of 3rd period - Deflect By Ryan O'Reilly.
18:18 of 3rd period - Shot Misses the Net.
18:18 of 3rd period - Puck is out of play.
18:19 of 3rd period - John Tavares wins face-off versus Vincent Lecavalier in Stars zone.
18:30 of 3rd period - Sabres, Robin Lehner is pulled from the net.
18:41 of 3rd period - Icing by Trevor Daley.
18:42 of 3rd period - Andrei Loktionov wins face-off versus John Tavares in Stars zone.
18:43 of 3rd period - Wrist shot by Ilya Kovalchuk.
18:43 of 3rd period - Shot Misses the Net.
18:57 of 3rd period - Slapshot by Michael Frolik.
18:57 of 3rd period - Shot Misses the Net.
18:59 of 3rd period - Slapshot by Andrei Markov.
18:59 of 3rd period - Shot Blocked by Rob Scuderi.
19:01 of 3rd period - Slapshot by John Tavares.
19:01 of 3rd period - Shot Blocked by Ilya Kovalchuk.
19:15 of 3rd period - Snap shot by John Tavares.
19:15 of 3rd period - Goal by John Tavares - Stars : 4 - Sabres : 2.
19:15 of 3rd period - Robin Lehner from Sabres was sent back in the game.
19:16 of 3rd period - Vincent Lecavalier wins face-off versus Michal Handzus in neutral zone.
19:21 of 3rd period - Wrist shot by Zack Kassian.
19:21 of 3rd period - Shot Blocked by Shaone Morrisonn.
19:27 of 3rd period - Snap shot by Vincent Lecavalier.
19:27 of 3rd period - Deflect By Matt Cooke.
19:27 of 3rd period - Stopped by Pascal Leclaire without a rebound.
19:28 of 3rd period - Michal Handzus wins face-off versus Vincent Lecavalier in Stars zone.
19:53 of 3rd period - Shaone Morrisonn is hit by Zach Bogosian and loses puck.
Goals for this period are 1 for Stars vs 1 for Sabres.
Shots for this period are 13 for Stars vs 10 for Sabres.
Back to the Top